 Dungeon Crawl Stone Soup version 0.30-a0-23-ge60ba3568b (webtiles) character file.

Game seed: 4143547463593596590

8409 Shayle the Covert (level 11, -8/81 HPs)
             Began as a Vampire Enchanter on Aug 25, 2022.
             Was a Follower of Ashenzari.
             Mangled by a boulder beetle (22 damage)
             ... on level 1 of the Lair of Beasts.
             The game lasted 00:41:36 (11613 turns).

Shayle the Covert (Vampire Enchanter)              Turns: 11613, Time: 00:41:37

Health: -8/81      AC: 15    Str:  9    XL:     11   Next: 9%
Magic:  7/20       EV: 12    Int: 20    God:    Ashenzari [*.....]
Gold:   482        SH:  5    Dex: 15    Spells: 11/23 levels left

rFire   + . .      SeeInvis +    P - +2 dagger (elec)
rCold   . . .      Faith    .    q - +0 buckler
rNeg    . . .      Spirit   .    N - +0 swamp dragon scales
rPois   +          Reflect  .    k - +0 helmet
rElec   .          Harm     .    (no cloak)
rCorr   .          Rampage  .    I - +1 pair of gloves
Will    +....                    S - +0 pair of boots
Stlth   +++.......               (no amulet)
HPRegen 0.43/turn                p - ring "Prescient Agnosticism" {AC+4, Elem, Comp} (curse)
MPRegen 0.17/turn                h - ring "Ensconced Together" {rF+, Elem, Melee} (curse)

@: on berserk cooldown, healing quickly, slowed, studying Evocations, very slow
A: alive, fangs 3, see invisible, vampiric 2
a: Exsanguinate, Renounce Religion, Shatter the Chains


You were on level 1 of the Lair of Beasts.
You worshipped Ashenzari.
Ashenzari was aware of your devotion.
You visited 3 branches of the dungeon, and saw 12 of its levels.

You collected 695 gold pieces.
You spent 213 gold pieces at shops.

Inventory:

Hand Weapons
 c - a +0 battleaxe
 r - a +4 whip of flaming
 x - the +1 mace "Beastslayer" {venom, rCorr Dex+7}
   (You found it on level 4 of the Dungeon)

   It poisons the flesh of those it strikes.
   Dex:       It affects your dexterity (+7).
   rCorr:     It protects you from acid and corrosion.
 y - a +2 dagger of draining
 E - a +2 halberd of venom
 L - a +0 war axe
 M - a +1 dagger of freezing
 P - a +2 dagger of electrocution (weapon)
Missiles
 t - 5 curare-tipped darts (quivered)
Armour
 k - a +0 helmet (worn)
 q - a +0 buckler (worn)
 u - a scarf of resistance
 I - a +1 pair of gloves (worn)
 N - +0 swamp dragon scales (worn)
 S - a +0 pair of boots (worn)
 U - a +1 robe of fire resistance
Jewellery
 h - the cursed ring "Ensconced Together" (right hand) {rF+, Elem, Melee}
   (You took it off a hobgoblin on level 2 of the Dungeon)

   [ring of protection from fire]

   rF:        It protects you from fire.
   It has a curse which improves the following skills: Elements: Fire Magic, Ice
   Magic, Air Magic and Earth Magic.
   Melee Combat: Short Blades, Long Blades, Axes, Maces & Flails, Polearms,
   Staves and Unarmed Combat.
 p - the cursed ring "Prescient Agnosticism" (left hand) {AC+4, Elem, Comp}
   (You found it on level 3 of the Dungeon)

   [ring of protection]

   AC:        It affects your AC (+4).
   It has a curse which improves the following skills: Elements: Fire Magic, Ice
   Magic, Air Magic and Earth Magic.
   Companions: Summonings and Necromancy.
 A - an amulet of regeneration
 G - a ring of protection from cold
Wands
 F - a wand of flame (32)
 H - a wand of roots (1)
 T - a wand of polymorph (11)
Scrolls
 a - a scroll of blinking
 f - a scroll of teleportation
 n - a scroll of fog
 o - a scroll of poison
 B - a scroll of silence
 C - 2 scrolls of magic mapping
 O - 2 scrolls of enchant weapon
 R - a scroll of fear
Potions
 e - 3 potions of ambrosia
 g - a potion of brilliance
 i - 3 potions of resistance
 v - 2 potions of attraction
 D - a potion of flight
 K - 3 potions of mutation
 Q - 3 potions of curing


   Skills:
 + Level 6.2 Fighting
 - Level 1.5(2.2) Short Blades
 + Level 6.0(6.9) Axes
 + Level 7.8 Dodging
 - Level 8.0 Stealth
 - Level 4.0 Shields
 + Level 6.6 Spellcasting
 - Level 6.6 Hexes
 + Level 4.1(4.9) Necromancy
 + Level 6.3(7.6) Ice Magic


You had 11 spell levels left.
You knew the following spells:

 Your Spells              Type           Power      Damage    Failure   Level
a - Ensorcelled Hibernat  Hex/Ice        70%        N/A       3%          2
b - Confusing Touch       Hex            33%        N/A       7%          3
c - Tukima's Dance        Hex            33%        N/A       7%          3
d - Anguish               Hex/Necr       14%        N/A       32%         4

Your spell library contained the following spells:

 Spells                   Type           Power      Damage    Failure   Level
 Dazzling Flash           Conj/Hex       38%        N/A       28%         3
 Portal Projectile        Hex/Tloc       38%        N/A       28%         3
 Apportation              Tloc           12%        N/A       36%         1
 Summon Ice Beast         Ice/Summ       22%        N/A       58%         4
 Leda's Liquefaction      Hex/Erth       10%        N/A       65%         4
 Call Canine Familiar     Summ           7%         N/A       71%         3
 Gell's Gravitas          Tloc           6%         N/A       73%         3
 Lesser Beckoning         Tloc           6%         N/A       73%         3
 Spider Form              Tmut/Pois      6%         N/A       73%         3
 Teleport Other           Tloc           6%         N/A       73%         3
 Summon Mana Viper        Hex/Summ       20%        N/A       94%         5
 Yara's Violent Unravell  Hex/Tmut       9%         3d6       95%         5
 Animate Armour           Summ/Erth      14%        N/A       98%         4
 Alistair's Intoxication  Tmut/Pois      4%         N/A       100%        5
 Blade Hands              Tmut           3%         N/A       100%        5
 Iron Shot                Conj/Erth      3%         9d2       100%        6
 Enfeeble                 Hex            16%        N/A       100%        7
 Monstrous Menagerie      Summ           3%         N/A       100%        7


Dungeon Overview and Level Annotations

Branches:
Dungeon (10/15)            Temple (1/1) D:5            Lair (1/5) D:9
    Orc: D:9-12

Altars:
Ashenzari
Cheibriados
Dithmenos
Fedhas
Gozag
Hepliaklqana
Kikubaaqudgha
Makhleb
Nemelex Xobeh
Okawaru
Qazlal
Ru
Trog
Uskayaw
Vehumet
Wu Jian
Yredelemnul

Shops:
D:6 *   D:10 [


Innate Abilities, Weirdness & Mutations

Your natural rate of healing is accelerated.
You have razor-sharp teeth.
You have supernaturally acute eyesight. (SInv)
You are afflicted with vampirism and can become a bat while bloodless.


Message History

You puncture the bullfrog! Lightning courses through the bullfrog!
You kill the bullfrog!
You catch the helpless boulder beetle completely off-guard!
You puncture the boulder beetle!
The boulder beetle is heavily wounded.
You hit the cane toad.
The cane toad is lightly wounded.
The cane toad barely misses you. The boulder beetle barely misses you.
You barely miss the cane toad. Your bite misses the cane toad.
The cane toad is lightly wounded.
You strike the helpless boulder beetle from behind!
You hit the boulder beetle.
The boulder beetle is heavily wounded.
The cane toad barely misses you.
You hit the cane toad but do no damage.
The cane toad is lightly wounded.
The cane toad completely misses you.
You are no longer berserk.
You are exhausted.
You feel yourself slow down.
You hit the cane toad.
Lightning courses through the cane toad!
You bite the cane toad.
The cane toad is heavily wounded.
You block the cane toad's attack.
You hit the cane toad.
The cane toad is heavily wounded.
The cane toad stings you! The cane toad stings you.
You hit the cane toad.
The cane toad is severely wounded.
The cane toad stings you but does no damage.
The cane toad stings you!
* * * LOW HITPOINT WARNING * * *
Unknown command.
You hit the boulder beetle but do no damage.
The boulder beetle is heavily wounded.
The cane toad stings you but does no damage.
A blink frog comes into view.
The boulder beetle bites you!!
You die...

## .#.#.+####.......
+###P# ..............##
.....+#...............
.F.#.8...............
#.#.....#..........#
##.......#.#.#.#....#
##.........##........#
##....F.......#..#....#
#.....@†.##...##......#
#...##.B8..##...#......#
#.. ##...####....#.....
. #.....# #...##....#
#..>..# #8.>##....P
#.....# #...##.....
##....# #..##......
#.8.## ...# ..... ...#.


You could see a boulder beetle (confused), a cane toad and a blink frog
(wandering).

Vanquished Creatures
  Erolcha (D:9)
  A hydra (Lair:1)
  A polar bear (Lair:1)
  A troll (D:10)
  Grinder (D:3)
  A shadow (D:9)
  Sigmund (D:3)
  A wyvern (D:10)
  A basilisk (D:9)
  15 yaks
  Menkaure (D:5)
  A water moccasin (Lair:1)
  3 orc warriors
  3 sky beasts
  A black bear (D:5)
  An ice beast (D:7)
  An ogre (D:5)
  2 centaurs
  A kobold brigand (D:10)
  5 bullfrogs
  Blork the orc (D:6)
  6 scorpions
  A necrophage (D:5)
  11 wights
  5 howler monkeys
  2 jellies (D:8)
  4 orc priests
  5 hounds (D:5)
  Jessica (D:2)
  11 orc wizards
  Natasha (twice) (D:3)
  Robin (D:3)
  10 gnolls
  4 adders
  A shadow imp (D:8)
  A worm (D:5)
  3 dart slugs
  36 orcs
  7 ball pythons
  4 bats
  8 endoplasms
  12 goblins
  10 hobgoblins
  4 jackals (D:2)
  15 kobolds
  2 quokkas
  4 frilled lizards
  6 rats
220 creatures vanquished.

Vanquished Creatures (others)
  3 plants (Lair:1)
3 creatures vanquished.

Grand Total: 223 creatures vanquished

Notes
Turn   | Place    | Note
-------+----------+-------------------------------------------
     0 | D:1      | Shayle the Vampire Enchanter began the quest for the Orb.
     0 | D:1      | Reached XP level 1. HP: 13/13 MP: 3/3
    64 | D:1      | Found a bloodstained altar of Trog.
   306 | D:1      | Reached XP level 2. HP: 20/20 MP: 5/5
   408 | D:1      | Found a faded altar of an unknown god.
  1348 | D:2      | Found a blossoming altar of Fedhas.
  1455 | D:2      | Reached skill level 5 in Stealth
  1455 | D:2      | Gained mutation: You are afflicted with vampirism and can
                  | become a bat while bloodless. [Vampire growth]
  1455 | D:2      | Reached XP level 3. HP: 25/25 MP: 6/6
  1792 | D:2      | Noticed Jessica
  1799 | D:2      | Killed Jessica
  1800 | D:2      | Reached skill level 1 in Fighting
  1811 | D:2      | Reached skill level 5 in Hexes
  1811 | D:2      | Reached XP level 4. HP: 31/32 MP: 7/7
  1950 | D:3      | Noticed Sigmund
  1966 | D:3      | Killed Sigmund
  1967 | D:3      | Reached skill level 1 in Axes
  1967 | D:3      | Reached XP level 5. HP: 21/38 MP: 7/9
  2230 | D:3      | Noticed Grinder
  2361 | D:3      | Reached XP level 6. HP: 21/44 MP: 10/10
  2364 | D:3      | Learned a level 2 spell: Ensorcelled Hibernation
  2368 | D:3      | Learned a level 3 spell: Confusing Touch
  2457 | D:3      | Noticed Robin
  2486 | D:3      | Noticed Natasha
  2492 | D:3      | Killed Natasha
  2507 | D:3      | Reached skill level 6 in Stealth
  2563 | D:3      | Noticed Natasha
  2569 | D:3      | Killed Natasha
  3223 | D:3      | Killed Grinder
  3224 | D:3      | Reached skill level 1 in Ice Magic
  3224 | D:3      | Reached XP level 7. HP: 37/51 MP: 11/11
  3260 | D:3      | Killed Robin
  3609 | D:4      | Identified the +1 mace "Beastslayer" {venom, rCorr Dex+7}
  3803 | D:4      | Found a snail-covered altar of Cheibriados.
  4145 | D:5      | Entered Level 5 of the Dungeon
  4281 | D:5      | Reached skill level 7 in Stealth
  4617 | D:5      | Found a staircase to the Ecumenical Temple.
  4637 | Temple   | Entered the Ecumenical Temple
  4754 | Temple   | Became a worshipper of Ashenzari the Shackled
  5009 | D:5      | Reached XP level 8. HP: 58/58 MP: 6/13
  5113 | D:5      | Reached skill level 1 in Shields
  5207 | D:5      | Noticed Menkaure
  5208 | D:5      | Found a bloodstained altar of Trog.
  5229 | D:5      | Killed Menkaure
  5492 | D:6      | Found Waiziy Paoph's Assorted Antiques.
  5498 | D:6      | Bought a murky coppery potion for 21 gold pieces
  5498 | D:6      | Bought a tapered bronze wand for 96 gold pieces
  5498 | D:6      | Bought a long bronze wand for 96 gold pieces
  5520 | D:6      | Noticed Blork the orc
  5530 | D:6      | Killed Blork the orc
  5613 | D:6      | Paralysed by a centaur for 4 turns
  5761 | D:6      | Reached skill level 5 in Dodging
  5761 | D:6      | Reached skill level 8 in Stealth
  6362 | D:7      | Found an opulent altar of Gozag.
  6455 | D:7      | Reached XP level 9. HP: 61/65 MP: 5/15
  6598 | D:7      | You fall into a shaft and drop 3 floors!
  6598 | D:10     | Entered Level 10 of the Dungeon
  6633 | D:10     | Noticed a troll
  6649 | D:10     | Killed a troll
  7259 | D:9      | Noticed Erolcha
  7274 | D:10     | Learned a level 3 spell: Tukima's Dance
  7435 | D:10     | Reached skill level 5 in Spellcasting
  7839 | D:10     | Found Osipsa's Antique Armour Emporium.
  8242 | D:9      | Reached skill level 5 in Fighting
  8528 | D:7      | Reached XP level 10. HP: 69/74 MP: 18/18
  8639 | D:7      | Reached skill level 5 in Ice Magic
  8645 | D:7      | Learned a level 4 spell: Anguish
  9079 | D:7      | Found a radiant altar of Vehumet.
  9208 | D:7      | Reached skill level 5 in Axes
  9222 | D:7      | Reached skill level 1 in Necromancy
 10332 | D:8      | Noticed a deep elf pyromancer
 10910 | D:9      | Killed Erolcha
 11023 | D:9      | Found a staircase to the Lair.
 11249 | Lair:1   | Entered Level 1 of the Lair of Beasts
 11252 | Lair:1   | Reached * piety under Ashenzari
 11374 | Lair:1   | Reached XP level 11. HP: 81/81 MP: 20/20
 11383 | Lair:1   | Noticed a seven-headed hydra
 11399 | Lair:1   | Killed a seven-headed hydra
 11579 | Lair:1   | Noticed a boulder beetle
 11613 | Lair:1   | Mangled by a boulder beetle

Illustrated notes

Levels and vault maps discovered:
D:1:      pf_arrival_petrified_forest, layout_basic,
          shapermc_ecumenical_altar_venn, minmay_hexomino_r4
D:2:      layout_loops_ring, basic_altar, serial_bayou_crossing, uniq_jessica
D:3:      layout_basic, uniq_sigmund, uniq_natasha, uniq_robin, uniq_grinder
D:4:      layout_basic, mainiacjoe_overflow_big_doors
D:5:      layout_loops_cross, lemuel_doored_altar,
          minmay_temple_entry_antechambers, kennysheep_generic_room_11,
          uniq_menkaure
D:6:      layout_rooms, serial_shops, nicolae_shop_statue_plus,
          uniq_blork_the_orc
D:7:      layout_basic, nicolae_overflow_hidden_temple, lemuel_crystal_altar
D:8:      layout_cave_pods, grunt_ministairs_15, minmay_manual_mess
D:9:      layout_basic, old_standard_altar, nicolae_sif_muna_little_library,
          david_lair_generic, uniq_erolcha, uniq_amaemon
D:10:     layout_basic, serial_shops, nicolae_shop_competitors_out_of_business,
          kennysheep_generic_room_10
Temple:   nicolae_temple_superstar
Lair:1:   layout_regular_city, minivault_11, hellmonk_guarded_unrand_zhor,
          grunt_megastairs_5, serial_bayou_shore_a

Skill      XL: |  1  2  3  4  5  6  7  8  9 10 11 |
---------------+----------------------------------+-----
Stealth        | 5 6 7 8 |  8.0
Fighting       | 1 2 3 4 5 6 |  6.2
Hexes          | 5 6 |  6.6
Axes           | 1 2 3 4 5 6 |  6.0
Dodging        | 3 4 5 6 7 |  7.8
Spellcasting   | 3 4 5 6 |  6.6
Ice Magic      | 1 2 3 4 6 |  6.3
Shields        | 2 3 4 |  4.0
Necromancy     | 3 4 |  4.1
Short Blades   | |  1.5

Action                   |  1- 3 |  4- 6 |  7- 9 | 10-12 || total
-------------------------+-------+-------+-------+-------++-------
Melee: Dagger            |    88 |   107 |   401 |   284 ||   880
       Bite              |    12 |    11 |    51 |    31 ||   105
       Punch             |       |     2 |     1 |       ||     3
       Whip              |       |    23 |    15 |       ||    38
 Cast: Ensorcelled Hiber |       |    14 |    89 |    41 ||   144
       Confusing Touch   |       |       |    10 |    10 ||    20
       Anguish           |       |       |       |     3 ||     3
Invok: Curse Item        |       |       |     1 |     1 ||     2
Evoke: Wand              |       |       |     1 |     7 ||     8
  Use: Scroll            |     5 |       |     5 |     3 ||    13
       Potion            |       |     3 |     4 |     5 ||    12
 Stab: Sleeping          |     6 |    14 |    49 |    29 ||    98
       Invisible         |       |     2 |       |     2 ||     4
       Confused          |       |       |     6 |     6 ||    12
       Paralysed         |       |       |     1 |     1 ||     2
Armor: Ring mail         |    29 |    61 |    85 |       ||   175
       Robe              |     1 |       |       |       ||     1
       Swamp dragon scal |       |       |    62 |   103 ||   165
Dodge: Dodged            |    41 |    85 |   203 |   164 ||   493
Block: Buckler           |       |       |    67 |    51 ||   118

Table legend: (Time is in decaauts)
 A = Elapsed time spent in this place.
 B = Non-inter-level travel time spent in this place.
 C = Inter-level travel time spent in this place.
 D = Time resting spent in this place.
 E = Time spent auto-exploring this place.
 F = Levels seen in this place.
 G = Mean time per level.
                   A        B        C        D        E       F      G
               +--------+--------+--------+--------+--------+-----+--------+
         Total |  11579 |  11133 |    446 |   1704 |   6550 |  12 |  964.9 |
       Dungeon |  11081 |  10658 |    423 |   1538 |   6379 |  10 | 1108.1 |
        Temple |    140 |    117 |     23 |      0 |    100 |   1 |  140.0 |
          Lair |    357 |    357 |      0 |    166 |     71 |   1 |  357.0 |
               +--------+--------+--------+--------+--------+-----+--------+

Top non-repeatable levels by time:
     D:8: 1694 daAuts
     D:5: 1538 daAuts
    D:10: 1357 daAuts
     D:3: 1342 daAuts
     D:1: 1279 daAuts
     D:7: 1117 daAuts
     D:4: 763 daAuts
     D:2: 754 daAuts
     D:9: 742 daAuts
     D:6: 492 daAuts
  Lair:1: 357 daAuts
  Temple: 140 daAuts
